 Dungeon Crawl Stone Soup version 0.21.1-1-g345015fe64 (webtiles) character file.

165029 Ivernyr the Ogre Mage (level 17, -3/198 HPs)
             Began as an Ogre Wizard on Mar 25, 2018.
             Was a High Priest of Sif Muna.
             Incinerated by a deep elf mage (8 damage)
             ... with a sticky flame
             ... on level 2 of the Elven Halls on Mar 27, 2018.
             The game lasted 06:33:58 (47568 turns).

Ivernyr the Ogre Mage (Ogre Wizard)                Turns: 47568, Time: 06:33:58

Health: -3/198     AC: 17    Str: 15    XL:     17   Next: 87%
Magic:  3/42       EV:  9    Int: 27    God:    Sif Muna [*****.]
Gold:   1851       SH:  0    Dex:  7    Spells: 12/58 levels left

rFire    . . .     SeeInvis .   a - +9 quarterstaff of Sujaiwk {venom, Int+3}
rCold    x . .     Gourm    .   (shield currently unavailable)
rNeg     . . .     Faith    .   K - +0 troll leather armour
rPois    .         Spirit   .   w - +3 hat of Indemnity {rElec rC- rCorr}
rElec    +         Reflect  .   A - +0 cloak
rCorr    +         Harm     .   (gloves unavailable)
MR       +....                  (boots unavailable)
Stlth    +.........             x - amulet of regeneration
HPRegen  1.23/turn              k - ring of wizardry
MPRegen  0.28/turn              S - ring of Robustness {AC+8}

@: lethally poisoned (-3 -> -3), liquid flames, very slightly contaminated,
glowing, divine energy
A: large, unfitting armour, tough skin 1
a: Stop Divine Energy, Channel Magic, Forget Spell, Renounce Religion


You were on level 2 of the Elven Halls.
You worshipped Sif Muna.
Sif Muna was extremely pleased with you.
You were not hungry.

You visited 5 branches of the dungeon, and saw 26 of its levels.
You also visited: Labyrinth and Bailey.

You collected 2958 gold pieces.
You spent 1107 gold pieces at shops.

Inventory:

Hand Weapons
 a - the +9 quarterstaff of Sujaiwk (weapon) {venom, Int+3}
   (You found it on level 3 of the Lair of Beasts)

   It poisons the flesh of those it strikes.
   It affects your intelligence (+3).
 z - the +9 trident of Imbalance {flame, SInv}
   (You found it on level 1 of the Orcish Mines)

   It has been specially enchanted to burn those struck by it, causing extra
   injury to most foes and up to half again as much damage against particularly
   susceptible opponents.
   It lets you see invisible.
Armour
 w - the +3 hat of Indemnity (worn) {rElec rC- rCorr}
   (You found it on level 8 of the Dungeon)

   It makes you vulnerable to cold.
   It insulates you from electricity.
   It protects you from acid and corrosion.
 A - a +0 cloak (worn)
 K - a +0 troll leather armour (worn)
Jewellery
 b - a cursed -5 ring of intelligence
 c - an uncursed ring of magical power
 k - a ring of wizardry (left hand)
 l - an uncursed ring of see invisible
 s - an uncursed amulet of the gourmand
 x - an amulet of regeneration (around neck)
 P - a +5 ring of intelligence
 R - an uncursed ring of protection from magic
 S - the ring of Robustness (right hand) {AC+8}
   (You found it in a labyrinth)

   [ring of protection]

   It affects your AC (+8).
Wands
 n - a wand of acid (7)
 I - a wand of digging (15)
Scrolls
 e - 2 scrolls of vulnerability
 g - 10 scrolls of teleportation
 h - 4 scrolls of amnesia
 i - 8 scrolls of remove curse
 j - 7 scrolls of enchant weapon
 t - 3 scrolls of immolation
 u - a scroll of blinking
 E - 2 scrolls of torment {unknown}
 G - 2 scrolls of fear
 H - 2 scrolls of fog {unknown}
 N - 2 scrolls of enchant armour {unknown}
 O - a scroll of brand weapon {unknown}
 U - a scroll of identify
 V - a scroll of holy word {unknown}
Potions
 f - 5 potions of brilliance
 m - 5 potions of agility
 p - 3 potions of cancellation
 q - 2 potions of invisibility
 r - 5 potions of curing
 v - a potion of magic
 B - 2 potions of might {unknown}
 F - 7 potions of flight
 J - 3 potions of heal wounds {unknown}
 L - a potion of resistance
 M - 3 potions of ambrosia {unknown}
 W - 2 potions of haste
Books
 o - Sif Muna's Disquisition on Fiery Hexes
   (Sif Muna gifted it to you on level 2 of the Elven Halls)

   Spells                             Type                      Level
   a - Flame Tongue                   Conjuration/Fire             1
   b - Ensorcelled Hibernation        Hexes/Ice                    2
   c - Dazzling Spray                 Conjuration/Hexes            3
   d - Summon Guardian Golem          Hexes/Summoning              3
   e - Fireball                       Conjuration/Fire             5
   f - Bolt of Magma                  Conjuration/Fire/Earth       5
   g - Darkness                       Hexes                        6
   h - Discord                        Hexes                        8
 y - Sif Muna's Handbook of Damaging Curses
   (Sif Muna gifted it to you on level 4 of the Lair of Beasts)

   Spells                             Type                      Level
   a - Corona                         Hexes                        1
   b - Iskenderun's Mystic Blast      Conjuration                  4
   c - Iron Shot                      Conjuration/Earth            6
 C - Unkonai Fuba's Incunabulum of Destructive Flames
   (Sif Muna gifted it to you on level 6 of the Lair of Beasts)

   Spells                             Type                      Level
   a - Shock                          Conjuration/Air              1
   b - Lightning Bolt                 Conjuration/Air              5
   c - Iskenderun's Battlesphere      Conjuration/Charms           5
   d - Bolt of Magma                  Conjuration/Fire/Earth       5
   e - Fire Storm                     Conjuration/Fire             9
 D - Sif Muna's Volume of Attacks
   (Sif Muna gifted it to you on level 1 of the Lair of Beasts)

   Spells                             Type                      Level
   a - Iskenderun's Mystic Blast      Conjuration                  4
   b - Bolt of Cold                   Conjuration/Ice              6
   c - Bolt of Fire                   Conjuration/Fire             6
   d - Orb of Destruction             Conjuration                  7
 Q - a book of the Sky

   Spells                             Type                      Level
   a - Summon Lightning Spire         Summoning/Air                4
   b - Silence                        Hexes/Air                    5
   c - Deflect Missiles               Charms/Air                   6
   d - Conjure Ball Lightning         Conjuration/Air              6
   e - Tornado                        Air                          9
 T - a book of Alchemy

   Spells                             Type                      Level
   a - Sublimation of Blood           Necromancy                   2
   b - Ignite Poison                  Fire/Transmutation/Poison    3
   c - Petrify                        Transmutation/Earth          4
   d - Alistair's Intoxication        Transmutation/Poison         5
   e - Irradiate                      Conjuration/Transmutation    5
 X - Sif Muna's Volume of Earthen Dark Arts
   (Sif Muna gifted it to you on level 12 of the Dungeon)

   Spells                             Type                      Level
   a - Regeneration                   Charms/Necromancy            3
   b - Bolt of Draining               Conjuration/Necromancy       5
   c - Agony                          Necromancy                   5
   d - Dispel Undead                  Necromancy                   5
   e - Statue Form                    Transmutation/Earth          6
   f - Lehudib's Crystal Spear        Conjuration/Earth            8
   g - Necromutation                  Transmutation/Necromancy     8
Comestibles
 d - 37 rations


   Skills:
 + Level 19.0 Fighting
 - Level 2.0 Dodging
 - Level 1.4 Stealth
 + Level 21.3 Spellcasting
 - Level 13.1 Conjurations
 * Level 5.0 Charms
   Level 0.8 Summonings
 - Level 0.8 Translocations
 - Level 10.0 Invocations


You had 12 spell levels left.
You knew the following spells:

 Your Spells              Type           Power        Failure   Level  Hunger
a - Magic Dart            Conj           ####         0%          1    None
b - Blink                 Tloc           N/A          1%          2    None
c - Conjure Flame         Conj/Fire      ######..     1%          3    None
d - Mephitic Cloud        Conj/Pois/Air  ######..     1%          3    None
e - Passwall              Tmut/Erth      ####......   1%          2    None
f - Stone Arrow           Conj/Erth      ######       1%          3    None
g - Petrify               Tmut/Erth      ####....     6%          4    None
h - Orb of Destruction    Conj           #######...   2%          7    ####...
i - Swiftness             Chrm/Air       #####...     1%          2    None
j - Ozocubu's Armour      Chrm/Ice       #####...     1%          3    None
k - Passage of Golubria   Tloc           N/A          4%          4    None
l - Iron Shot             Conj/Erth      ######....   7%          6    None
m - Deflect Missiles      Chrm/Air       #####.....   32%         6    None


Dungeon Overview and Level Annotations

Branches:
Dungeon (15/15)            Temple (1/1) D:5            Lair (6/6) D:11
 Shoals (0/4) Lair:2        Snake (0/4) Lair:4        Slime (0/5) Lair:5
    Orc (2/2) D:10            Elf (2/3) Orc:2        Vaults (0/5) D:13
 Depths (0/5) D:15

Altars:
Ashenzari
Cheibriados
Dithmenos
Elyvilon
Fedhas
Gozag
Hepliaklqana
Kikubaaqudgha
Makhleb
Nemelex Xobeh
Okawaru
Qazlal
Ru
Sif Muna
Trog
Uskayaw
Vehumet
Wu Jian
Xom
Yredelemnul
Zin
The Shining One
Beogh

Shops:
D:12 [   Orc:2 ([:*

Annotations:
D:6 exclusion: statue
Lair:2 exclusion: oklob plant
Lair:4 exclusion: 2 oklob plants
Lair:6 Norrik's ghost, journeyman MiMo


Innate Abilities, Weirdness & Mutations

You are too large for most types of armour.
You have tough skin. (AC +1)


Message History

* * * LOW HITPOINT WARNING * * *
The fire elemental burns you!
* * * LOW HITPOINT WARNING * * *
Blink to where?
Press: ? - help, Dir - move target cursor, p - deep elf mage You are very lightly contaminated with residual magic.
As you read the scroll of blinking, it crumbles to dust.
You are covered in liquid flames!
* * * LOW HITPOINT WARNING * * *
You feel sick.
The deep elf mage points at you and mumbles some strange words.
The sticky flame hits you!
You are covered in liquid flames!
You are covered in liquid flames!
* * * LOW HITPOINT WARNING * * *
You feel sick.
You are covered in liquid flames!
* * * LOW HITPOINT WARNING * * *
You are covered in liquid flames!
You die...

### #.. #.# ########.# #........#
######...)##..# #........E....#
#.####.§§§##..# #.##...§§.E..@#
#.#....(§§E...#
#.#....§e..<..#########.#
#.#.##....###...........##
####........(# ####'############
..####.###...# ##...## #.... #.#
#.####### ##.....## #.### #.#
#.##.## ##.......## #.#.##
#.####.#...####.........###....##


You could see a deep elf mage and 2 fire elementals.

Vanquished Creatures
  Jorgrun (Elf:2)
  The ghost of BrokenGlass the Warrior, a journeyman OpAs (Elf:1)
  4 orc warlords
  A deep elf sorcerer (Elf:1)
  A deep elf elementalist (Elf:1)
  3 stone giants
  The ghost of Danqa the Cleaver, a journeyman MiFi of Uskayaw (D:15)
  A deep elf death mage (Elf:1)
  Snorg (Orc:1)
  A minotaur (Lab)
  2 ettins
  9 hydras
  4 vault guards
  3 ogre magi
  A death knight (D:15)
  3 catoblepae (Lair:6)
  8 dancing weapons (Elf:2)
  3 centaur warriors
  16 two-headed ogres
  3 tengu warriors
  5 death yaks (Lair:6)
  Urug (D:15)
  4 deep elf knights
  6 orc high priests (Orc:2)
  2 unseen horrors
  3 wizards (D:15)
  The ghost of smzp the Ripper, a novice FeBe of Trog (D:12)
  11 deep elf archers
  A wolf spider zombie (D:15)
  4 orc knights
  17 cyclopes
  7 manticores
  4 orc sorcerers
  39 deep elf magi
  3 centaur zombies
  6 elephants (Lair:3)
  4 black mambas
  2 gargoyles
  3 torpor snails (Lair:3)
  8 spiny frogs
  Psyche (D:8)
  A rime drake (Lair:5)
  The ghost of KleinerIrrer the Insei, a novice OpMo of Wu Jian (D:5)
  7 komodo dragons
  A kobold demonologist (D:13)
  2 tengu conjurers
  2 freezing wraiths
  An efreet (D:15)
  14 trolls
  A queen bee (shapeshifter) (D:12)
  A tyrant leech (shapeshifter) (Elf:2)
  A hornet (D:13)
  4 polar bears
  11 blink frogs
  A dream sheep (Lair:6)
  A minotaur skeleton (Lab)
  A slime creature (D:12)
  17 hippogriffs
  A shadow (D:15)
  Sigmund (D:3)
  3 wyverns
  4 water elementals
  50 yaks
  2 air elementals
  A vampire (D:14)
  Eustachio (D:4)
  A yak (shapeshifter) (D:12)
  4 basilisks
  3 fire elementals
  4 hungry ghosts
  10 vampire mosquitoes
  2 fire bats (D:8)
  Edmund (D:4)
  4 wargs
  4 nagas (Lair:4)
  3 hell hounds (D:8)
  10 water moccasins
  8 porcupines
  53 orc warriors
  4 ice beasts
  2 phantoms
  3 sky beasts
  2 eyes of draining (D:12)
  5 black bears
  21 centaurs
  25 ogres
  40 wolves
  16 crocodiles
  2 big kobolds
  Blork the orc (D:6)
  19 bullfrogs
  6 earth elementals
  A wyvern skeleton (D:11)
  5 scorpions
  A hornet simulacrum (D:11)
  4 wights (D:13)
  4 killer bees
  A troll skeleton (Lab)
  3 electric eels (D:11)
  6 howler monkeys
  A bullfrog zombie (D:7)
  6 crimson imps
  A gnoll shaman (D:4)
  3 quasits
  4 hounds
  Crazy Yiuf (D:6)
  A bullfrog skeleton (D:10)
  8 jellies
  24 orc wizards
  8 centaur skeletons
  10 orc priests
  3 iguanas
  12 worker ants
  Natasha (thrice) (D:3)
  2 bullfrog simulacra (D:11)
  2 worker ant zombies
  A howler monkey zombie (D:6)
  20 adders
  10 gnolls
  A howler monkey skeleton (D:7)
  8 shadow imps
  4 white imps (D:11)
  An ufetubus (D:11)
  9 oozes
  An adder zombie (D:5)
  2 adder skeletons
  4 worms
  3 leopard geckos
  129 orcs
  3 ball pythons
  8 bats
  4 giant cockroaches
  10 goblins
  6 hobgoblins
  14 jackals
  18 kobolds
  5 quokkas
  A ball python skeleton (D:5)
  4 frilled lizards
  A jackal skeleton (D:2)
  A leopard gecko skeleton (D:4)
  A quokka skeleton (D:5)
  5 rats
  A fungus (Orc:2)
  14 plants
985 creatures vanquished.

Vanquished Creatures (others)
  A deep elf knight (Elf:2)
  2 deep elf magi
  An orc warrior (D:13)
  A bullfrog (D:13)
  An orc wizard (D:13)
  An iguana (D:13)
  An orc (D:13)
  A bush (D:15)
  A butterfly (Lair:5)
  31 fungi
  22 plants
63 creatures vanquished.

Grand Total: 1048 creatures vanquished

Notes
Turn   | Place    | Note
-------+----------+-------------------------------------------
     0 | D:1      | Ivernyr the Ogre Wizard began the quest for the Orb.
     0 | D:1      | Reached XP level 1. HP: 16/16 MP: 5/5
   100 | D:1      | Reached skill level 1 in Conjurations
   258 | D:1      | Reached XP level 2. HP: 26/26 MP: 3/6
   309 | D:1      | Reached skill level 1 in Fighting
   471 | D:1      | Reached skill level 4 in Spellcasting
   716 | D:1      | Learned a level 2 spell: Blink
  1081 | D:2      | Reached XP level 3. HP: 32/33 MP: 4/8
  1213 | D:1      | Learned a level 3 spell: Conjure Flame
  1217 | D:1      | Learned a level 3 spell: Mephitic Cloud
  1560 | D:2      | Reached XP level 4. HP: 42/42 MP: 3/10
  1935 | D:2      | HP: 2/44 [poisoned by an adder]
  2487 | D:3      | Noticed Natasha
  2494 | D:3      | Killed Natasha
  2494 | D:3      | Reached skill level 5 in Spellcasting
  2494 | D:3      | Reached XP level 5. HP: 40/50 MP: 3/12
  2869 | D:3      | Noticed Sigmund
  3068 | D:3      | HP: 2/52 [Sigmund/scythe (12)]
  3835 | D:3      | Killed Sigmund
  3835 | D:3      | Reached skill level 6 in Spellcasting
  3835 | D:3      | Reached XP level 6. HP: 52/62 MP: 1/15
  4453 | D:3      | Noticed Natasha
  4459 | D:3      | Killed Natasha
  4515 | D:3      | Noticed Natasha
  4549 | D:3      | Killed Natasha
  5178 | D:4      | Reached XP level 7. HP: 71/71 MP: 11/16
  5620 | D:4      | Noticed Eustachio
  5767 | D:4      | Killed Eustachio
  5767 | D:4      | Reached skill level 5 in Fighting
  5767 | D:4      | Reached skill level 7 in Spellcasting
  6014 | D:4      | Noticed Edmund
  6043 | D:4      | Killed Edmund
  6346 | D:4      | Reached XP level 8. HP: 47/81 MP: 10/19
  6836 | D:4      | Found an ancient bone altar of Kikubaaqudgha.
  7168 | D:5      | Entered Level 5 of the Dungeon
  7265 | D:5      | Noticed KleinerIrrer's ghost (novice OpMo)
  7294 | D:5      | Killed KleinerIrrer's ghost
  7294 | D:5      | Reached skill level 8 in Spellcasting
  8295 | D:5      | Found a staircase to the Ecumenical Temple.
  8371 | D:5      | Reached skill level 9 in Spellcasting
  8622 | D:5      | Found a sacrificial altar of Ru.
  8734 | Temple   | Entered the Ecumenical Temple
  9040 | D:6      | Noticed Blork the orc
  9048 | D:6      | Killed Blork the orc
  9048 | D:6      | Reached skill level 5 in Conjurations
  9166 | D:6      | Reached XP level 9. HP: 93/93 MP: 15/22
  9261 | D:6      | Found a basalt altar of Yredelemnul.
  9538 | D:6      | Found a radiant altar of Vehumet.
  9648 | D:6      | Found a runed door.
  9652 | D:6      | Noticed Crazy Yiuf
  9658 | D:6      | Killed Crazy Yiuf
 10324 | D:7      | Got an ichor-stained dagger
 10325 | D:7      | Identified the cursed +0 dagger "Lenonona" {flame, -Tele rF+ Str+2 Dex+6} (You found it on level 7 of the Dungeon)
 10342 | D:7      | Reached skill level 10 in Spellcasting
 10957 | D:8      | Found a deep blue altar of Sif Muna.
 10961 | D:8      | Became a worshipper of Sif Muna the Loreminder
 10978 | D:8      | Identified Sif Muna's Collected Works on Confrontation
 11109 | D:8      | Found a transporter.
 11514 | D:8      | Noticed Psyche
 11553 | D:8      | Killed Psyche
 11553 | D:8      | Reached skill level 11 in Spellcasting
 11584 | D:7      | Reached XP level 10. HP: 8/107 MP: 0/25
 11792 | D:8      | Found a transporter.
 12511 | D:9      | Noticed a two-headed ogre
 12517 | D:9      | Killed a two-headed ogre
 12517 | D:9      | Reached * piety under Sif Muna
 12680 | D:9      | Found a stormy altar of Qazlal.
 12925 | D:9      | Found a snail-covered altar of Cheibriados.
 12932 | D:9      | Found an opulent altar of Gozag.
 12939 | D:9      | Found a shattered altar of Ashenzari.
 12946 | D:9      | Found a blossoming altar of Fedhas.
 12953 | D:9      | Found a hide-covered altar of Uskayaw.
 12958 | D:9      | Found a shadowy altar of Dithmenos.
 13000 | D:9      | Found a hazy altar of Hepliaklqana.
 13061 | D:9      | Reached skill level 12 in Spellcasting
 13232 | D:9      | Found an ornate altar of the Wu Jian Council.
 13489 | D:9      | Reached skill level 10 in Fighting
 13850 | D:10     | Entered Level 10 of the Dungeon
 13860 | D:10     | Noticed a manticore
 14496 | D:10     | Killed a manticore
 14496 | D:10     | Reached ** piety under Sif Muna
 14620 | D:10     | Reached XP level 11. HP: 111/119 MP: 22/27
 15321 | D:10     | Found a staircase to the Orcish Mines.
 15423 | D:10     | Reached skill level 13 in Spellcasting
 15494 | D:10     | Noticed a two-headed ogre
 15527 | D:10     | Killed a two-headed ogre
 15994 | D:11     | Reached *** piety under Sif Muna
 16137 | D:11     | Got a warped quarterstaff
 16138 | D:11     | Identified the +8 quarterstaff "Ryom" {venom, Dex+2} (You found it on level 11 of the Dungeon)
 16878 | D:11     | Reached skill level 14 in Spellcasting
 17150 | D:11     | Reached **** piety under Sif Muna
 17150 | D:11     | Reached skill level 15 in Spellcasting
 17150 | D:11     | Reached XP level 12. HP: 133/133 MP: 29/31
 17174 | D:11     | Found a staircase to the Lair.
 17720 | Lair:1   | Entered Level 1 of the Lair of Beasts
 18202 | Lair:1   | Reached ***** piety under Sif Muna
 18207 | Lair:1   | Reached XP level 13. HP: 144/144 MP: 19/32
 18422 | Lair:1   | Identified Sif Muna's Volume of Attacks (Sif Muna gifted it to you on level 1 of the Lair of Beasts)
 18422 | Lair:1   | Received a gift from Sif Muna
 19190 | Lair:2   | Found a burning altar of Makhleb.
 19347 | Lair:2   | Reached skill level 16 in Spellcasting
 19347 | Lair:2   | Reached skill level 10 in Conjurations
 19680 | Lair:2   | Found a staircase to the Shoals.
 20191 | Lair:3   | Got a pitted quarterstaff
 20200 | Lair:3   | Found a labyrinth entrance.
 20208 | Lab      | Entered a labyrinth
 20219 | Lab      | Identified the +9 quarterstaff of Sujaiwk {venom, Int+3} (You found it on level 3 of the Lair of Beasts)
 20510 | Lab      | Reached skill level 1 in Invocations
 20782 | Lab      | Noticed a minotaur
 20788 | Lab      | Killed a minotaur
 20825 | Lab      | Found the ring of Robustness {AC+8}
 20857 | Lair:3   | Found a shadowy altar of Dithmenos.
 21076 | Lair:3   | Found a snail-covered altar of Cheibriados.
 22150 | Lair:4   | Reached skill level 17 in Spellcasting
 22497 | Lair:4   | Learned a level 2 spell: Passwall
 22501 | Lair:4   | Learned a level 3 spell: Stone Arrow
 22506 | Lair:4   | Learned a level 4 spell: Petrify
 22820 | Lair:4   | Found a staircase to the Snake Pit.
 23007 | Lair:4   | Identified Sif Muna's Handbook of Damaging Curses (Sif Muna gifted it to you on level 4 of the Lair of Beasts)
 23007 | Lair:4   | Received a gift from Sif Muna
 23255 | Lair:5   | Reached XP level 14. HP: 147/157 MP: 23/35
 23658 | Lair:5   | Found a staircase to the Slime Pits.
 23841 | Lair:5   | Reached skill level 5 in Invocations
 25126 | Lair:6   | Entered Level 6 of the Lair of Beasts
 25392 | Lair:6   | Reached skill level 15 in Fighting
 25749 | Lair:6   | Noticed Norrik's ghost (journeyman MiMo)
 27277 | Lair:6   | Identified Unkonai Fuba's Incunabulum of Destructive Flames (Sif Muna gifted it to you on level 6 of the Lair of Beasts)
 27277 | Lair:6   | Received a gift from Sif Muna
 27897 | Orc:1    | Entered Level 1 of the Orcish Mines
 27984 | Orc:1    | Noticed an orc warlord
 28024 | Orc:1    | Killed an orc warlord
 28432 | D:10     | Reached XP level 15. HP: 140/169 MP: 36/36
 28586 | Orc:1    | Found a roughly hewn altar of Beogh.
 28586 | Orc:1    | Noticed Snorg
 28603 | Orc:1    | Killed Snorg
 28678 | Orc:1    | Noticed an orc warlord
 28757 | D:10     | Killed an orc warlord
 29233 | Orc:1    | Reached skill level 18 in Spellcasting
 29268 | Orc:1    | Learned a level 7 spell: Orb of Destruction
 31046 | Orc:1    | Got a translucent falchion
 31049 | Orc:1    | Got a twisted dagger
 31053 | Orc:1    | Got a translucent trident
 31061 | Orc:1    | Identified the +9 trident of Imbalance {flame, SInv} (You found it on level 1 of the Orcish Mines)
 31063 | Orc:1    | Identified the cursed +1 falchion of Domination {antimagic, +Blink Dex+4} (You found it on level 1 of the Orcish Mines)
 31189 | Orc:1    | Learned a level 2 spell: Swiftness
 31300 | Orc:2    | Entered Level 2 of the Orcish Mines
 31300 | Orc:2    | Found a bloodstained altar of Trog.
 31356 | Orc:2    | Noticed an orc warlord
 31445 | Orc:1    | Killed an orc warlord
 31595 | Orc:2    | Received a gift from Sif Muna
 31603 | Orc:2    | Learned a level 3 spell: Ozocubu's Armour
 31608 | Orc:2    | Learned a level 4 spell: Passage of Golubria
 31662 | Orc:2    | Found a staircase to the Elven Halls.
 31683 | Orc:2    | Noticed an orc warlord
 31859 | Orc:1    | Killed an orc warlord
 32650 | Orc:2    | Found Lopury's Antique Armour Shop.
 33051 | Orc:2    | Reached skill level 19 in Spellcasting
 33139 | Orc:2    | Found Popnoer's Book Emporium.
 33191 | Orc:2    | Found Ykan Logg's General Store.
 33441 | Orc:2    | Bought a ration for 55 gold pieces
 33441 | Orc:2    | Bought a scroll of identify for 22 gold pieces
 33441 | Orc:2    | Bought a ration for 55 gold pieces
 33770 | Orc:2    | Found Wulerill's Antique Weapon Boutique.
 34105 | D:12     | Found Owauv's Antique Armour Shoppe.
 34228 | D:12     | Noticed smzp's ghost (novice FeBe)
 34242 | D:12     | Killed smzp's ghost
 34532 | D:12     | Found a flagged portal.
 34552 | Bailey   | Entered a bailey
 34870 | Bailey   | Reached XP level 16. HP: 119/182 MP: 31/39
 36872 | D:12     | Identified Sif Muna's Volume of Earthen Dark Arts (Sif Muna gifted it to you on level 12 of the Dungeon)
 36872 | D:12     | Received a gift from Sif Muna
 37129 | D:13     | Paralysed by a hornet for 1 turns
 37461 | D:13     | Found a shimmering altar of Xom.
 37503 | D:13     | Reached skill level 10 in Invocations
 37787 | D:13     | Found a gate to the Vaults.
 39412 | D:14     | Found a glowing silver altar of Zin.
 39696 | D:14     | Reached skill level 20 in Spellcasting
 40408 | D:15     | Entered Level 15 of the Dungeon
 40428 | D:15     | Learned a level 6 spell: Iron Shot
 40839 | D:15     | Noticed Danqa's ghost (journeyman MiFi)
 40853 | D:15     | Killed Danqa's ghost
 41380 | D:8      | Got an ichor-stained hat
 41391 | D:8      | Identified the +3 hat of Indemnity {rElec rC- rCorr} (You found it on level 8 of the Dungeon)
 41628 | D:15     | Identified Sif Muna's Compendium of the Oath and Calling (Sif Muna gifted it to you on level 15 of the Dungeon)
 41628 | D:15     | Received a gift from Sif Muna
 41897 | D:15     | Noticed Urug
 41898 | D:15     | Killed Urug
 42235 | D:15     | Found a staircase to the Depths.
 42283 | D:15     | Reached XP level 17. HP: 39/193 MP: 1/41
 42628 | D:15     | Found a stormy altar of Qazlal.
 43073 | Elf:1    | Entered Level 1 of the Elven Halls
 44275 | Elf:1    | Noticed BrokenGlass's ghost (journeyman OpAs)
 44344 | Elf:1    | Killed BrokenGlass's ghost
 44365 | Elf:1    | Reached skill level 21 in Spellcasting
 44814 | Orc:2    | Bought a book of the Sky for 975 gold pieces
 44821 | Orc:2    | Learned a level 6 spell: Deflect Missiles
 45017 | Elf:1    | Reached skill level 1 in Charms
 45397 | Elf:1    | Identified the Collected Works on Battle Magic
 45972 | Elf:2    | Identified Sif Muna's Disquisition on Fiery Hexes (Sif Muna gifted it to you on level 2 of the Elven Halls)
 45972 | Elf:2    | Received a gift from Sif Muna
 47185 | Elf:2    | Noticed Jorgrun
 47187 | Elf:2    | Found a large runed door.
 47187 | Elf:2    | Found a large runed door.
 47194 | Elf:2    | Killed Jorgrun
 47433 | Elf:2    | Reached skill level 5 in Charms
 47566 | Elf:2    | HP: 7/198 [burnt (4)]
 47568 | Elf:2    | Incinerated by a deep elf mage

Skill      XL: |  1  2  3  4  5  6  7  8  9 10 11 12 13 14 15 16 17 |
---------------+----------------------------------------------------+-----
Conjurations   | 1 2 3 5 6 7 9 10 11 12 13 | 13.1
Fighting       | 1 2 3 4 5 7 9 10 12 13 14 15 16 18 19 | 19.0
Dodging        | 2 |  2.0
Spellcasting   | 4 5 6 7 9 11 12 15 17 19 20 21 | 21.3
Invocations    | 4 7 9 10 | 10.0
Charms         | 5 |  5.0
Stealth        | |  1.4
Summonings     | |  0.8
Translocations | |  0.8

Action                   |  1- 3 |  4- 6 |  7- 9 | 10-12 | 13-15 | 16-18 || total
-------------------------+-------+-------+-------+-------+-------+-------++-------
Melee: Unarmed           |     8 |    32 |       |       |       |       ||    40
       Scythe            |       |    14 |     8 |       |       |       ||    22
       Halberd           |       |       |   216 |   271 |    11 |       ||   498
       Quarterstaff      |       |       |       |    77 |   961 |   482 ||  1520
       Trident           |       |       |       |       |    12 |    17 ||    29
Throw: Large rock        |       |       |       |       |    15 |    53 ||    68
 Cast: Magic Dart        |    81 |   231 |   352 |   429 |   207 |    10 ||  1310
       Mephitic Cloud    |       |     5 |     3 |       |       |       ||     8
       Conjure Flame     |       |       |    26 |    42 |    85 |     2 ||   155
       Blink             |       |       |     7 |    24 |    45 |    34 ||   110
       Stone Arrow       |       |       |       |       |    88 |    38 ||   126
       Orb of Destructio |       |       |       |       |    93 |   189 ||   282
       Ozocubu's Armour  |       |       |       |       |       |    12 ||    12
       Swiftness         |       |       |       |       |       |     1 ||     1
       Iron Shot         |       |       |       |       |       |    75 ||    75
Invok: Divine Energy     |       |       |       |       |     2 |       ||     2
       Stop Divine Energ |       |       |       |       |     1 |       ||     1
Evoke: Wand              |       |       |       |       |     3 |       ||     3
  Use: Scroll            |       |     5 |    11 |     4 |    16 |     6 ||    42
       Potion            |       |       |     1 |     2 |     1 |     1 ||     5
 Stab: Confused          |       |     2 |       |       |       |       ||     2
       Sleeping          |       |       |     3 |       |     1 |     1 ||     5
  Eat: Chunk             |     2 |     7 |    21 |    22 |    68 |    60 ||   180
       Ration            |       |     1 |       |       |     3 |     5 ||     9
Armor: Robe              |     9 |    25 |    58 |     8 |       |       ||   100
       Troll leather arm |       |       |       |   115 |   589 |   570 ||  1274
Dodge: Dodged            |    16 |    67 |   141 |   176 |   587 |   466 ||  1453
